 Dungeon Crawl Stone Soup version 0.24.0-123-gd5b16e6ec5 (webtiles) character file.

Game seed: 11581639338528267458, levelgen mode: deterministic

167 PentaManta the Sneak (level 5, 0/28 HPs)
             Began as a Vine Stalker Assassin on Jan 1, 2020.
             Succumbed to a scorpion's poison
             ... on level 3 of the Dungeon.
             The game lasted 00:06:57 (2445 turns).

PentaManta the Sneak (Vine Stalker Assassin)        Turns: 2445, Time: 00:06:58

Health: 0/28       AC:  6    Str: 15    XL:     5   Next: 48%
Magic:  1/6        EV: 12    Int: 11    God:
Gold:   98         SH:  0    Dex: 17    Spells: 4/4 levels left

rFire    . . .     SeeInvis .   c - +2 dagger (flame)
rCold    . . .     Gourm    .   (no shield)
rNeg     . . .     Faith    .   q - +0 leather armour (curse)
rPois    .         Spirit   +   u - +0 helmet
rElec    .         Reflect  .   r - +1 cloak
rCorr    .         Harm     .   (no gloves)
MR       .....     Clarity  +   (no boots)
Stlth    +++.......             (no amulet)
HPRegen  0.49/turn              l - ring of flight
MPRegen  0.10/turn              (no ring)

@: lethally poisoned (0 -> -21)
A: fangs 2, agile 1, clarity, regeneration 1, magic shield, antimagic bite, no
potion heal 3, rot immunity
a: Evoke Flight


You were on level 3 of the Dungeon.
You were hungry.

You visited 1 branch of the dungeon, and saw 3 of its levels.

You collected 98 gold pieces.

Inventory:

Hand Weapons
 c - a +2 dagger of flaming (weapon)
 n - a +0 whip of venom
Missiles
 d - 22 poisoned darts (quivered)
 e - 2 curare-tipped darts
 t - 2 atropa-tipped darts
Armour
 g - a +0 shield
 q - a cursed +0 leather armour (worn)
 r - a +1 cloak (worn)
 u - a +0 helmet (worn)
Jewellery
 l - a ring of flight (left hand)
Scrolls
 a - a scroll of random uselessness {unknown}
 h - 2 scrolls of remove curse {unknown}
 i - 2 scrolls of teleportation {unknown}
 j - a scroll of enchant armour {unknown}
 m - a scroll of magic mapping {unknown}
 o - 2 scrolls of identify {unknown}
 p - 2 scrolls of enchant weapon {unknown}
Potions
 b - a potion of lignification {unknown}
 k - a potion of mutation
 w - a potion of curing {unknown}
Comestibles
 f - 5 rations


   Skills:
 + Level 2.9 Fighting
 + Level 2.8 Short Blades
 - Level 1.7 Throwing
 + Level 2.1 Dodging
 + Level 5.8 Stealth


You had 4 spell levels left.
You didn't know any spells.
Your spell library was empty.

Dungeon Overview and Level Annotations

Branches:
Dungeon (3/15)

Altars:


Innate Abilities, Weirdness & Mutations

You have extremely sharp teeth.
Your natural rate of healing is unusually fast.
When hurt, damage is shared between your health and your magic reserves.
Your bite disrupts and absorbs the magic of your enemies.
Potions cannot restore your health.
You are immune to rotting.
You are agile. (Dex +2)
You possess an exceptional clarity of mind.


Message History

The scorpion poisons you!
You closely miss the scorpion.
The scorpion is almost dead.
You feel sick. The scorpion closely misses you.
You closely miss the scorpion.
The scorpion is almost dead.
* * * LOW HITPOINT WARNING * * *
You feel very sick. The scorpion misses you.
* * * LOW HITPOINT WARNING * * *
You feel sick.
It was a potion of mutation.
You feel extremely strange.
You feel agile.
Your thoughts seem clearer.
* * * LOW HITPOINT WARNING * * *
You feel sick. The scorpion stings you!
* * * LOW HITPOINT WARNING * * *
You are more poisoned.
The scorpion poisons you!
It was a potion of heal wounds.
That seemed strangely inert.
You die...

#.# #.# #.# #.# ##.# ## ...#
.######
##.##################.......
....#.....#................)
.##.#...#.#..#..@##.....#
##..#.#.#†...#.#.s)..#
#.....#.#..#...#..##....+
†.....#....#............#
#########################


You could see a scorpion.

Vanquished Creatures
  6 adders
  6 oozes
  3 worms (D:2)
  3 dart slugs (D:2)
  2 leopard geckos
  An orc (D:3)
  8 bats
  3 giant cockroaches
  9 hobgoblins
  A jackal (D:3)
  8 kobolds
  A quokka (D:2)
  6 frilled lizards
  8 goblins
  A jackal skeleton (D:3)
  7 rats
73 creatures vanquished.

Notes
Turn   | Place    | Note
-------+----------+-------------------------------------------
     0 | D:1      | PentaManta the Vine Stalker Assassin began the quest for
                  | the Orb.
     0 | D:1      | Reached XP level 1. HP: 11/11 MP: 2/2
    37 | D:1      | Reached skill level 1 in Dodging
    48 | D:1      | Reached skill level 5 in Stealth
    48 | D:1      | Reached XP level 2. HP: 12/15 MP: 3/3
   560 | D:1      | Reached XP level 3. HP: 16/18 MP: 4/4
  1217 | D:2      | Gained mutation: Your natural rate of healing is unusually
                  | fast. [Vine Stalker growth]
  1217 | D:2      | Reached XP level 4. HP: 21/23 MP: 5/5
  1614 | D:2      | Found a faded altar of an unknown god.
  1799 | D:2      | Reached XP level 5. HP: 27/27 MP: 6/6
  2444 | D:3      | Gained mutation: You are agile. (Dex +2) [potion of
                  | mutation]
  2444 | D:3      | Gained mutation: You possess an exceptional clarity of
                  | mind. [potion of mutation]
  2444 | D:3      | HP: 1/28 [scorpion (4)]
  2445 | D:3      | Succumbed to a scorpion's poison

Levels and vault maps discovered:
D:1:      onia_arrival_mini_spirals, layout_loops_ring, minmay_misc_feat_x
D:2:      kb_forest_paths, layout_basic, chequers_ecumenical_altar_grove,
          solitary_fountain
D:3:      minmay_thinvault, layout_basic, chequers_garden, st_stairs_6,
          uniq_jessica

Skill      XL: |  1  2  3  4  5 |
---------------+----------------+-----
Dodging        | 1 2 |  2.1
Stealth        | 5 |  5.8
Fighting       | 2 |  2.9
Short Blades   | 2 |  2.8
Throwing       | |  1.7

Action                   |  1- 3 |  4- 6 || total
-------------------------+-------+-------++-------
Melee: Dagger            |    70 |   114 ||   184
       Bite              |    12 |    30 ||    42
Throw: Dart              |       |    11 ||    11
  Use: Potion            |       |     2 ||     2
 Stab: Sleeping          |    11 |     8 ||    19
  Eat: Chunk             |       |     4 ||     4
Armor: Robe              |     5 |       ||     5
       Leather armour    |     2 |    15 ||    17
Dodge: Dodged            |    38 |    56 ||    94
